 Dungeon Sprint DCSS version 0.31-a0-408-gb642c7f9a3 (webtiles) character file.

Game seed: 17951058573745996867

64 zazu2006 the Covert (level 3, -5/28 HPs)
             Began as a Spriggan Brigand on July 29, 2023.
             Slain by a sleepcap (7 damage)
             ... in the Dungeon (Sprint IX: "|||||||||||||||||||||||||||||").
             The game lasted 00:00:30 (50 turns).

zazu2006 the Covert (Spriggan Brigand)                Turns: 50, Time: 00:00:31

Health: -5/28      AC:  3    Str:  9    XL:     3   Next: 91%
Magic:  4/4        EV: 17    Int: 12    God:
Gold:   0          SH:  0    Dex: 16    Spells: 2/2 levels left

rFire   . . .        a - +2 dagger
rCold   . . .        (no shield)
rNeg    . . .        b - +0 robe
rPois   .            (helmet restricted)
rElec   .            c - +0 cloak
rCorr   .            (gloves unavailable)
SInv    +            (boots unavailable)
Will    .....        (no amulet) Stlth
                     (no ring)
HPRegen 0.24/turn    (no ring)
MPRegen 0.09/turn

%: no teleportation
@: berserking (expiring), very quick
A: very small, no large weapons, unfitting armour, see invisible, speed 3
a: no special abilities


You were in the Dungeon.
You visited 1 branch

Inventory:

Hand Weapons
 a - a +2 dagger (weapon)
Missiles
 d - 9 poisoned darts (quivered)
 e - 3 curare-tipped darts
Armour
 b - a +0 robe (worn)
 c - a +0 cloak (worn)
Scrolls
 k - a scroll of blinking
Potions
 f - a potion of curing
 g - a potion of heal wounds
 h - a potion of haste
 i - 2 potions of magic


   Skills:
 + Level 2.4 Fighting
 + Level 3.6 Short Blades
 + Level 2.9 Throwing
 + Level 2.2 Dodging
 + Level 11.2 Stealth


You had 2 spell levels left.
You didn't know any spells.
Your spell library was empty.

Dungeon Overview and Level Annotations

Branches:
Dungeon (1/1)

Altars:


Innate Abilities, Weirdness & Mutations

You are very small and have problems with some larger weapons.
You are too small for most types of armour.
You have supernaturally acute eyesight. (SInv)
You cover ground extremely quickly. (Speed+++)


Message History

The sleepcap is moderately damaged.
You puncture the sleepcap!
The sleepcap is heavily damaged.
The sleepcap releases spores at you!
* * * LOW HITPOINT WARNING * * *
You are engulfed in a cloud of soporific spores!
You are unaffected.
You hit the sleepcap but do no damage.
The sleepcap is heavily damaged.
You hit the sleepcap.
The sleepcap is almost destroyed.
The sleepcap releases spores at you but does no damage.
You hit the sleepcap.
The sleepcap is almost destroyed.
You puncture the sleepcap!
You destroy the sleepcap!
Your Dodging skill increases to level 2!
Your Stealth skill increases to level 11!
You hit the sleepcap.
The sleepcap is lightly damaged.
You hit the sleepcap.
The sleepcap is moderately damaged.
The sleepcap releases spores at you.
* * * LOW HITPOINT WARNING * * *
You are engulfed in a cloud of soporific spores!
You are unaffected.
You puncture the sleepcap!
The sleepcap is severely damaged.
You hit the sleepcap.
The sleepcap is severely damaged.
The sleepcap releases spores at you.
* * * LOW HITPOINT WARNING * * *
You are engulfed in a cloud of soporific spores!
You are unaffected.
You hit the sleepcap but do no damage.
The sleepcap is severely damaged.
You hit the sleepcap.
The sleepcap is almost destroyed.
The sleepcap releases spores at you!
You die...

▓+▓
▓.▓
▓.▓
▓.▓
▓.▓
▓f▓
▓@▓
▓.▓
▓.▓
▓)▓
▓.▓
▓.▓
▓'▓
▓.▓
▓.▓


You could see a sleepcap.

Vanquished Creatures
  A sleepcap (D)
  An iguana (D)
  A dart slug (D)
  2 orcs (D)
  A bat (D)
  A goblin (D)
  A quokka (D)
  A rat (D)
9 creatures vanquished.

Notes
Turn   | Place    | Note
-------+----------+-------------------------------------------
     0 | D        | zazu2006 the Spriggan Brigand began the quest for the Orb.
     0 | D        | Reached XP level 1. HP: 10/10 MP: 2/2
     6 | D        | Reached skill level 6 in Stealth
     8 | D        | Reached skill level 7 in Stealth
    25 | D        | Noticed a sleepcap
    25 | D        | Noticed a sleepcap
    25 | D        | Noticed an iguana
    29 | D        | Reached skill level 8 in Stealth
    29 | D        | Reached XP level 2. HP: 8/15 MP: 3/3
    38 | D        | Reached skill level 10 in Stealth
    38 | D        | Reached XP level 3. HP: 12/18 MP: 4/4
    45 | D        | Reached skill level 11 in Stealth
    48 | D        | HP: 1/28 [sleepcap (2)]
    50 | D        | Slain by a sleepcap

Illustrated notes

Levels and vault maps discovered:
D:        linesprint [early_d, line_temple, items_1, d_10, items_2, lair_1,
          lair_end, items_3, orc_1, orc_end, items_4, d_15, swamp_1, shoals_1,
          snake_1, spider_1, d_20, vaults_1, items_5, swamp_end, shoals_end,
          snake_end, spider_end, vaults_end, d_27, items_6, zot_1, zot_end,
          crypt_end, forest_end, elf_end, slime_end, tomb_end, abyss_end,
          pan_hell_end]

Skill      XL: |  1  2  3 |
---------------+----------+-----
Stealth        | 8 10 11 | 11.2
Fighting       | 2 |  2.4
Short Blades   | 3 |  3.6
Dodging        | 2 |  2.2
Throwing       | |  2.9

Action                     || total
---------------------------++-------
  Melee: Dagger            ||    31
         Punch             ||     1
    Use: Potion            ||     1
   Stab: Sleeping          ||     3
 Armour: Robe              ||     1
  Dodge: Dodged            ||     7

Table legend: (Time is in decaauts)
 A = Elapsed time spent in this place.
 B = Non-inter-level travel time spent in this place.
 C = Inter-level travel time spent in this place.
 D = Time resting spent in this place.
 E = Time spent auto-exploring this place.
 F = Levels seen in this place.
 G = Mean time per level.
                   A        B        C        D        E       F      G
               +--------+--------+--------+--------+--------+-----+--------+
         Total |     35 |     35 |      0 |      6 |      0 |   1 |   35.0 |
       Dungeon |     35 |     35 |      0 |      6 |      0 |   1 |   35.0 |
               +--------+--------+--------+--------+--------+-----+--------+

Top non-repeatable levels by time:
       D: 35 daAuts
